 Dungeon Crawl Stone Soup version 0.31.0-9-g3a7656b989 (webtiles) character file.

Game seed: 16683368699426300347

1299 nightchill the Slicer (level 8, -11/43 (44) HPs)
             Began as a Vine Stalker Berserker on Jan 24, 2024.
             Was a Priest of Trog.
             Mangled by a wight
             ... wielding a +4 great sword
              (18 damage)
             ... on level 5 of the Dungeon.
             The game lasted 00:06:36 (3803 turns).

nightchill the Slicer (Vine Stalker Berserker)      Turns: 3803, Time: 00:06:37

HP:   -11/43 (44)   AC:  7    Str: 20    XL:     8   Next: 56%
MP:   0/9           EV: 11    Int:  7    God:    Trog [***...]
Gold: 195           SH:  0    Dex: 16    Spells: 7/7 levels left

rFire   . . .        a - +2 dagger (elec)
rCold   . . .        (no shield)
rNeg    . . .        h - +0 ring mail
rPois   .            (no helmet)
rElec   .            (no cloak)
rCorr   .            e - +0 pair of gloves
SInv    .            y - +0 pair of boots
Will    +....        s - amulet of faith
Stlth   +            (no ring)
HPRegen 1.07/turn    (no ring)
MPRegen 0.11/turn

%: guardian spirit, faith
@: on berserk cooldown, slowed, lightly drained, very slow
A: fangs 3, regeneration 1, magic shield, antimagic bite, no potion heal 2
a: Renounce Religion, Berserk, Trog's Hand


You were on level 5 of the Dungeon.
You worshipped Trog.
Trog was most pleased with you.
You visited 1 branch of the dungeon, and saw 5 of its levels.

You collected 195 gold pieces.

Inventory:

Hand Weapons
 a - a +2 dagger of electrocution (weapon)
 j - a +0 rapier
Armour
 e - a +0 pair of gloves (worn)
 h - a +0 ring mail (worn)
 y - a +0 pair of boots (worn)
Jewellery
 s - an amulet of faith (around neck)
 t - a ring of ice
Wands
 u - a wand of charming (8)
Scrolls
 b - 2 scrolls of identify {unknown}
 c - 5 scrolls of teleportation {unknown}
 d - a scroll of poison {unknown}
 g - 3 scrolls of fog {unknown}
 k - 2 scrolls of immolation {unknown}
 l - a scroll of amnesia {unknown}
 n - a scroll of vulnerability {unknown}
 w - a scroll of fear {unknown}
Potions
 f - 3 potions of degeneration {unknown}
 i - 2 potions of attraction {unknown}
 m - a potion of might {unknown}
 o - a potion of brilliance {unknown}
 p - 2 potions of haste {unknown}
 q - a potion of berserk rage {unknown}
 r - a potion of heal wounds {unknown}
 v - a potion of magic {unknown}
 x - a potion of curing {unknown}
 z - a potion of cancellation {unknown}


   Skills:
 + Level 6.0 Fighting
 * Level 8.0 Short Blades
 - Level 1.5 Armour
 - Level 1.5 Dodging


You had 7 spell levels left.
You didn't know any spells.
Your spell library was empty.

Dungeon Overview and Level Annotations

Branches:
Dungeon (5/15)
 Temple: D:4-7

Altars:


Innate Abilities, Weirdness & Mutations

You have razor-sharp teeth.
Your natural rate of healing is unusually fast.
When hurt, damage is shared between your health and your magic reserves.
Your bite disrupts and absorbs the magic of your enemies.
Potions cannot restore your health.


Message History

You see here a +0 club.
You hit the wight. Your punch misses the wight. Your bite misses the wight.
The wight is lightly damaged.
You hit the wight.
The wight is lightly damaged.
The wight closely misses you.
You puncture the wight! You bite the wight.
You destroy the wight!
Trog accepts your kill.
Your Fighting skill increases to level 6!
Your Short Blades skill increases to level 8!
Things that are here:
a +0 falchion; a +0 robe You feel a strong urge to attack something.
You are no longer berserk.
You are exhausted.
You feel yourself slow down. The wight barely misses you.
The wight hits you with a +4 great sword!
You hit the wight.
The wight is lightly damaged.
The wight misses you.
You hit the wight.
The wight is heavily damaged.
The wight hits you with a +4 great sword!
You feel drained.
You hit the wight.
The wight is heavily damaged.
The wight hits you with a +4 great sword!
* * * LOW HITPOINT WARNING * * *
You hit the wight. Your bite misses the wight.
The wight is severely damaged.
The wight hits you with a +4 great sword!
* * * LOW HITPOINT WARNING * * *
You hit the wight but do no damage. Your bite misses the wight.
The wight is severely damaged.
You hit the wight but do no damage. Your punch misses the wight.
The wight is severely damaged.
The wight hits you with a +4 great sword!!
You die...

#.##.# #.##.. #
####.##### .#
#....# ##.
#.#### ##.. # #
#.# #.. .##.#
#.# #.###.....
#.#######.....#
#.....).)).@z#
##########...#
##..# #....
#..### #..#
#..# #..#


You could see a wight.

Vanquished Creatures
  A sky beast (D:5)
  An ogre (D:4)
  A centaur (D:4)
  4 scorpions
  4 wights (D:5)
  A jelly (D:3)
  3 bombardier beetles
  3 orc priests
  A hound (D:5)
  5 orc wizards (D:4)
  An iguana (D:5)
  6 gnolls (D:5)
  8 adders
  3 dart slugs
  9 orcs
  9 bats
  6 endoplasms
  2 giant cockroaches
  6 goblins
  4 hobgoblins
  5 jackals
  9 kobolds
  3 quokkas
  5 ball pythons
  5 frilled lizards
  7 rats
112 creatures vanquished.

Notes
Turn   | Place    | Note
-------+----------+-------------------------------------------
     0 | D:1      | nightchill the Vine Stalker Berserker began the quest for
                  | the Orb.
     0 | D:1      | Reached XP level 1. HP: 11/11 MP: 2/2
    72 | D:1      | Reached skill level 3 in Short Blades
    72 | D:1      | Reached XP level 2. HP: 15/16 MP: 1/3
   471 | D:1      | Reached ** piety under Trog
   472 | D:1      | Reached XP level 3. HP: 20/20 MP: 4/4
  1415 | D:3      | Reached skill level 4 in Short Blades
  1415 | D:3      | Reached XP level 4. HP: 22/24 MP: 5/5
  1894 | D:3      | Reached XP level 5. HP: 21/29 MP: 4/6
  2226 | D:4      | Reached skill level 5 in Short Blades
  2337 | D:4      | Reached XP level 6. HP: 33/33 MP: 7/7
  2588 | D:4      | Reached *** piety under Trog
  2609 | D:4      | Reached XP level 7. HP: 30/38 MP: 5/8
  2677 | D:4      | Reached skill level 6 in Short Blades
  3366 | D:5      | Entered Level 5 of the Dungeon
  3456 | D:5      | Reached skill level 5 in Fighting
  3547 | D:5      | Reached skill level 7 in Short Blades
  3649 | D:5      | Gained mutation: You have razor-sharp teeth. [Vine Stalker
                  | growth]
  3649 | D:5      | Reached XP level 8. HP: 43/43 MP: 9/9
  3795 | D:5      | Reached skill level 8 in Short Blades
  3803 | D:5      | Mangled by a wight

Illustrated notes

Levels and vault maps discovered:
D:1:      onia_arrival_pentagram, layout_loops_ring, st_stairs_5
D:2:      layout_loops_ring
D:3:      layout_basic, kennysheep_doodads
D:4:      layout_loops_corners
D:5:      layout_loops_ring

Skill      XL: |  1  2  3  4  5  6  7  8 |
---------------+-------------------------+-----
Short Blades   | 3 4 5 7 8 |  8.0
Fighting       | 3 4 5 6 |  6.0
Armour         | |  1.5
Dodging        | |  1.5

Action                     |  1- 3 |  4- 6 |  7- 9 || total
---------------------------+-------+-------+-------++-------
  Melee: Short sword       |    60 |       |       ||    60
         Bite              |    30 |    21 |    38 ||    89
         Dagger            |    67 |    90 |   139 ||   296
         Punch             |       |     2 |     2 ||     4
 Invoke: Berserk           |       |     2 |     3 ||     5
 Armour: Animal skin       |     6 |       |       ||     6
         Ring mail         |    38 |    53 |    52 ||   143
  Dodge: Dodged            |    63 |    40 |    56 ||   159
